 Dungeon Crawl Stone Soup version 0.23-a0-171-g5ae17c6 (webtiles) character file.

6410 iamserjio the Nimble (level 11, -5/86 HPs)
             Began as a Human Wanderer on Sept 14, 2018.
             Was a Believer of Sif Muna.
             Killed from afar by a gargoyle (16 damage)
             ... with a stone arrow
             ... on level 10 of the Dungeon.
             The game lasted 00:36:20 (16178 turns).

iamserjio the Nimble (Human Wanderer)              Turns: 16178, Time: 00:36:21

Health: -5/86      AC: 11    Str: 12    XL:     11   Next: 18%
Magic:  16/16      EV: 19    Int: 14    God:    Sif Muna [**....]
Gold:   369        SH:  0    Dex: 15    Spells: 7/17 levels left

rFire    . . .     SeeInvis .   X - +2 trident (protect)
rCold    . . .     Gourm    .   (no shield)
rNeg     . . .     Faith    .   d - +0 robe
rPois    .         Spirit   .   (no helmet)
rElec    .         Reflect  .   V - +0 cloak
rCorr    .         Harm     .   w - +0 pair of gloves
MR       .....                  (no boots)
Stlth    ++........             s - amulet of rage
HPRegen  0.24/turn              (no ring)
MPRegen  0.15/turn              (no ring)

@: protection aura
A: no striking features
a: Divine Energy, Renounce Religion, Evoke Berserk Rage


You were on level 10 of the Dungeon.
You worshipped Sif Muna.
Sif Muna was pleased with you.
You were very hungry.

You visited 2 branches of the dungeon, and saw 11 of its levels.

You collected 614 gold pieces.
You spent 245 gold pieces at shops.

Inventory:

Hand Weapons
 b - a +3 short sword
 B - a +2 falchion of holy wrath
 E - a +2 rapier of venom
 H - a +4 scimitar
 U - a cursed +1 morningstar of freezing
 X - a +2 trident of protection (weapon)
 Y - a +3 flail of freezing
Missiles
 q - 141 arrows
 N - 3 throwing nets (quivered) {!f}
Armour
 d - a +0 robe (worn)
 m - a +0 ring mail
 r - a +0 leather armour
 w - a +0 pair of gloves (worn)
 D - a scarf of cloud immunity
 V - a +0 cloak (worn)
Jewellery
 s - an amulet of rage (around neck)
 A - an uncursed amulet of regeneration
 T - an uncursed amulet of the gourmand
Wands
 C - a wand of polymorph (9)
 O - a wand of paralysis (12)
 W - a wand of iceblast (12)
Scrolls
 a - a scroll of immolation {unknown}
 c - 7 scrolls of teleportation
 g - a scroll of blinking {unknown}
 h - 6 scrolls of remove curse {@r2}
 k - a scroll of enchant weapon {unknown}
 o - 4 scrolls of fog
 t - 3 scrolls of magic mapping
 F - a scroll of amnesia {unknown}
 I - a scroll of vulnerability
 M - a scroll of enchant armour {unknown}
 R - a scroll of noise {unknown}
Potions
 e - a potion of magic
 i - a potion of lignification
 j - 2 potions of ambrosia
 u - 2 potions of curing {@q1}
 v - 7 potions of flight
 G - 2 potions of heal wounds
 Q - a potion of resistance
 S - 2 potions of cancellation
Comestibles
 f - 15 rations


   Skills:
 - Level 8.0 Fighting
 - Level 2.0(2.8) Short Blades
 - Level 3.0(3.3) Long Blades
 - Level 1.0 Throwing
 - Level 10.1 Dodging
 - Level 1.0 Stealth
 - Level 3.6 Spellcasting
 - Level 2.1 Conjurations
 * Level 7.3 Summonings
 - Level 3.0 Transmutations
   Level 1.0 Fire Magic
 - Level 3.0 Air Magic


You had 7 spell levels left.
You knew the following spells:

 Your Spells              Type           Power        Failure   Level  Hunger
a - Passwall              Tmut/Erth      #.......     17%         2    ##.....
b - Sticks to Snakes      Tmut           ##......     9%          2    ##.....
c - Searing Ray           Conj           #.....       13%         2    ##.....
d - Summon Lightning Spi  Summ/Air       ###.....     24%         4    ####...

Your spell library contained the following spells:

 Spells                   Type           Power        Failure   Level  Hunger
 Summon Small Mammal      Summ           ###.         1%          1    None
 Call Imp                 Summ           ###.....     1%          2    ##.....
 Call Canine Familiar     Summ           ###.....     3%          3    ###....
 Beastly Appendage        Tmut           ##....       6%          1    None
 Magic Dart               Conj           #...         9%          1    None
 Flame Tongue             Conj/Fire      #....        11%         1    None
 Summon Guardian Golem    Hex/Summ       ##......     13%         3    ###....
 Throw Flame              Conj/Fire      #.....       16%         2    ##.....
 Conjure Flame            Conj/Fire      #.......     32%         3    ###....
 Spider Form              Tmut/Pois      #.........   32%         3    ###....
 Dazzling Spray           Conj/Hex       #.....       36%         3    ###....
 Summon Ice Beast         Ice/Summ       ##......     41%         4    ####...
 Inner Flame              Hex/Fire       #.......     45%         3    ###....
 Iskenderun's Mystic Bla  Conj           #.......     63%         4    ####...
 Sticky Flame             Conj/Fire      #.......     71%         4    ####...
 Ice Form                 Ice/Tmut       #.......     73%         4    ####...
 Force Lance              Conj/Tloc      #.......     78%         4    ####...
 Fulminant Prism          Conj/Hex       #.........   78%         4    ####...
 Blade Hands              Tmut           ##........   86%         5    ######.
 Fireball                 Conj/Fire      #.........   96%         5    ######.


Dungeon Overview and Level Annotations

Branches:
Dungeon (10/15)            Temple (1/1) D:4
   Lair: D:8-11         Orc: D:9-12

Altars:
Ashenzari
Cheibriados
Dithmenos
Fedhas
Gozag
Hepliaklqana
Kikubaaqudgha
Makhleb
Nemelex Xobeh
Okawaru
Qazlal
Ru
Sif Muna
Trog
Uskayaw
Vehumet
Wu Jian
Xom
Zin
The Shining One


Message History

You hit the gargoyle but do no damage.
Your adder bites the gargoyle but does no damage. x2
The helpless gargoyle fails to defend itself.
You hit the gargoyle but do no damage.
The phantom blinks!
Your adder bites the gargoyle but does no damage.
The helpless gargoyle fails to defend itself.
You hit the gargoyle.
The gargoyle is no longer paralysed.
Your adder completely misses the gargoyle.
The gargoyle hurls a stone arrow at you.
The stone arrow misses you.
Your adder bites the gargoyle but does no damage.
The phantom blinks!
You hit the gargoyle but do no damage.
Your adder bites the gargoyle but does no damage.
The gargoyle hits you with a morningstar!
* * * LOW HITPOINT WARNING * * *
Your adder bites the gargoyle but does no damage.
The gargoyle hurls a stone arrow at you.
The stone arrow hits you!
You die...

#.#..# #.# #.# ##..
#.#..# #.# #.# ..
#.#..# #.# #.# ..
####)#).####..[... #.
#...).........>#..
#.####..######.. #
#..S9########.
#.#...........
#.##.@..#####
#.#####.#
#.##.#####)######.#
#..........([).S?.#
#.#..................
..
#...####.#######...
... ##### #.# # ##
#.. ####


You could see a gargoyle and a friendly adder.

Vanquished Creatures
  Harold (D:7)
  A two-headed ogre (D:9)
  Pikel (D:6)
  A komodo dragon (D:9)
  Sigmund (D:6)
  A wyvern (D:9)
  Purgy (D:3)
  3 orc warriors
  4 ogres
  4 ice beasts
  A sky beast (D:8)
  A necrophage (D:7)
  A phantom (D:6)
  6 centaurs
  A crocodile (D:9)
  A big kobold (D:9)
  6 bullfrogs
  Dowan (D:5)
  A water moccasin skeleton (D:7)
  3 killer bees
  11 wights
  A howler monkey (D:9)
  4 crimson imps
  A bullfrog zombie (D:9)
  6 hounds
  A jelly (D:9)
  2 orc priests
  A centaur skeleton (D:9)
  A bullfrog skeleton (D:2)
  Ijyb (D:5)
  An iguana (D:8)
  4 worker ants
  6 orc wizards
  Terence (D:3)
  3 hound zombies
  2 hound skeletons
  A gnoll (D:1)
  11 adders
  4 shadow imps
  An ooze (D:4)
  An adder zombie (D:5)
  3 worms (D:2)
  2 dart slugs (D:2)
  2 leopard geckos
  38 orcs
  A ball python (D:1)
  5 giant cockroaches
  6 hobgoblins
  6 jackals (D:1)
  13 kobolds
  3 quokkas
  5 bats
  3 frilled lizards
  6 goblins
  2 quokka skeletons
  10 rats
209 creatures vanquished.

Vanquished Creatures (collateral kills)
  Duvessa (D:5)
  4 ogres
  A howler monkey (D:9)
  A jelly (D:5)
  A worker ant (D:4)
  2 orcs (D:9)
  2 kobolds (D:9)
12 creatures vanquished.

Vanquished Creatures (others)
  2 slaves (D:7)
  An adder (D:7)
  A quokka (D:7)
4 creatures vanquished.

Grand Total: 225 creatures vanquished

Notes
Turn   | Place    | Note
-------+----------+-------------------------------------------
     0 | D:1      | iamserjio the Human Wanderer began the quest for the Orb.
     0 | D:1      | iamserjio set off with: a +2 short sword, a scroll of
                  | teleportation, a +0 robe, a ration
     0 | D:1      | Reached XP level 1. HP: 15/15 MP: 4/4
   465 | D:1      | Reached XP level 2. HP: 17/21 MP: 6/6
   934 | D:1      | Reached skill level 2 in Dodging
   937 | D:1      | Reached XP level 3. HP: 26/27 MP: 7/7
  1612 | D:2      | Reached skill level 3 in Dodging
  1612 | D:2      | Reached XP level 4. HP: 33/33 MP: 8/8
  2388 | D:2      | Noticed a centaur
  2401 | D:2      | Killed a centaur
  2401 | D:2      | Reached skill level 4 in Dodging
  2401 | D:2      | Reached XP level 5. HP: 22/38 MP: 9/9
  2583 | D:2      | Reached skill level 5 in Dodging
  2583 | D:2      | Reached XP level 6. HP: 39/44 MP: 10/10
  2832 | D:2      | Learned a level 2 spell: Passwall
  2835 | D:2      | Learned a level 2 spell: Sticks to Snakes
  3021 | D:3      | Noticed Terence
  3442 | D:3      | Killed Terence
  3442 | D:3      | Reached skill level 1 in Transmutations
  3507 | D:3      | Found a shattered altar of Ashenzari.
  3709 | D:3      | Noticed Purgy
  4155 | D:4      | Noticed an ogre
  4167 | D:4      | Killed an ogre
  4167 | D:4      | Reached XP level 7. HP: 21/50 MP: 3/11
  4170 | D:4      | Reached skill level 6 in Dodging
  4751 | D:4      | Found a staircase to the Ecumenical Temple.
  4817 | Temple   | Entered the Ecumenical Temple
  4965 | Temple   | Became a worshipper of Sif Muna the Loreminder
  5120 | D:4      | Found a sacrificial altar of Ru.
  5596 | D:3      | Killed Purgy
  5917 | D:5      | Entered Level 5 of the Dungeon
  5961 | D:5      | Noticed Ijyb
  5973 | D:5      | Killed Ijyb
  6374 | D:5      | Reached XP level 8. HP: 20/60 MP: 8/12
  6608 | D:5      | Noticed Duvessa
  6609 | D:5      | Noticed Dowan
  6630 | D:5      | Killed Duvessa
  6631 | D:5      | Killed Dowan
  6631 | D:5      | Reached skill level 5 in Fighting
  7059 | D:5      | Found Juvich's Magic Scroll Shoppe.
  7062 | D:5      | Bought a scroll of identify for 28 gold pieces
  7062 | D:5      | Bought a scroll of identify for 28 gold pieces
  7062 | D:5      | Bought a scroll of vulnerability for 105 gold pieces
  7062 | D:5      | Bought a scroll of identify for 28 gold pieces
  7062 | D:5      | Bought a scroll of random uselessness for 14 gold pieces
  7062 | D:5      | Bought a scroll of teleportation for 42 gold pieces
  8188 | D:6      | Noticed Sigmund
  8359 | D:6      | Reached XP level 9. HP: 52/72 MP: 13/13
  8776 | D:6      | Learned a level 2 spell: Searing Ray
  9078 | D:6      | Killed Sigmund
  9078 | D:6      | Reached skill level 1 in Conjurations
  9623 | D:6      | Reached skill level 7 in Dodging
  9885 | D:7      | Noticed Pikel
  9902 | D:6      | Killed Pikel
 10185 | D:7      | Noticed Harold
 10222 | D:7      | Reached skill level 8 in Dodging
 10231 | D:7      | Killed Harold
 10231 | D:7      | Reached skill level 9 in Dodging
 10236 | D:7      | Reached XP level 10. HP: 18/80 MP: 7/14
 11256 | D:8      | Reached skill level 10 in Dodging
 11403 | D:8      | Reached skill level 1 in Long Blades
 12169 | D:8      | Learned a level 4 spell: Summon Lightning Spire
 12265 | D:8      | Reached skill level 1 in Summonings
 12567 | D:8      | Reached * piety under Sif Muna
 14042 | D:8      | Found a shimmering altar of Xom.
 14895 | D:9      | Noticed a two-headed ogre
 14899 | D:9      | Reached skill level 5 in Summonings
 14906 | D:9      | Reached ** piety under Sif Muna
 14917 | D:9      | Killed a two-headed ogre
 14917 | D:9      | Reached XP level 11. HP: 54/86 MP: 13/16
 14958 | D:9      | Found a glowing silver altar of Zin.
 15114 | D:10     | Entered Level 10 of the Dungeon
 15121 | D:10     | Noticed a death yak
 16178 | D:10     | Killed from afar by a gargoyle

Vault maps used:
D:1:      dpeg_arrival_pits, grunt_decor_mini_mirrors, kennysheep_another_room
D:2:      grunt_decor_resistance, grunt_decor_one_mirror
D:3:      first_ration, nicolae_ashenzari_panopticon, uniq_terence, uniq_purgy
D:4:      kennysheep_mini_moat, lemuel_temple_firewalk_a
D:5:      serial_shops, shop, uniq_ijyb, uniq_duvessa
D:6:      uniq_sigmund
D:7:      lemuel_old_faithful, uniq_harold, uniq_pikel
D:8:      lemuel_upstairs_altar
D:9:      basic_altar
D:10:     dpeg_lair_monsters, kennysheep_orc_monster_closet_entryway,
          blue_anna_alchemist
Temple:   roderic_octagonal_lattice_temple

Skill      XL: |  1  2  3  4  5  6  7  8  9 10 11 |
---------------+----------------------------------+-----
Dodging        | 2 3 4 5 6 9 10 | 10.1
Fighting       | 2 4 7 8 |  8.0
Transmutations | 1 3 |  3.0
Short Blades   | 2 |  2.0
Conjurations   | 1 2 |  2.1
Long Blades    | 3 |  3.0
Summonings     | 6 7 |  7.3
Air Magic      | 2 3 |  3.0
Throwing       | |  1.0
Stealth        | |  1.0
Spellcasting   | |  3.6
Fire Magic     | |  1.0

Action                   |  1- 3 |  4- 6 |  7- 9 | 10-12 || total
-------------------------+-------+-------+-------+-------++-------
Melee: Short sword       |    95 |   177 |   127 |    11 ||   410
       Unarmed           |       |     3 |     3 |       ||     6
       Rapier            |       |       |   122 |   316 ||   438
       Falchion          |       |       |    25 |    65 ||    90
       Whip              |       |       |       |    18 ||    18
       Trident           |       |       |       |    25 ||    25
 Fire: Blowgun           |       |       |    13 |       ||    13
Throw: Tomahawk          |     3 |     8 |     1 |       ||    12
       Stone             |       |     1 |       |       ||     1
 Cast: Sticks to Snakes  |       |     6 |    34 |    20 ||    60
       Summon Lightning  |       |       |       |     1 ||     1
 Abil: Evoke Berserk Rag |       |       |     1 |     1 ||     2
Evoke: Wand              |       |       |       |     4 ||     4
  Use: Potion            |       |     2 |     4 |     3 ||     9
       Scroll            |       |     4 |     6 |     3 ||    13
 Stab: Sleeping          |     3 |     3 |     1 |     6 ||    13
       Distracted        |       |       |     1 |       ||     1
       Paralysed         |       |       |       |     9 ||     9
  Eat: Chunk             |     2 |     9 |    18 |    18 ||    47
       Ration            |       |       |     1 |     1 ||     2
Armor: Robe              |     7 |     4 |    37 |    49 ||    97
       Ring mail         |    17 |    25 |       |       ||    42
       Skin              |       |     7 |    25 |       ||    32
Dodge: Dodged            |    69 |   122 |   238 |   408 ||   837
       Rpst.: Falchion   |       |       |     8 |    16 ||    24

Table legend:
 A = Non-vault XP
 B = Vault XP
 C = Vault XP percentage of total XP
 D = Non-vault monster count
 E = Vault monster count
 F = Vault count percentage of total count
                 A         B        C        D         E       F
            +---------+---------+-------+---------+---------+-------
      Total |    7434 |    1724 |  18.8 |     213 |       8 |   3.6
            +---------+---------+-------+---------+---------+-------
        D:1 |      60 |       0 |   0.0 |      28 |       0 |   0.0
        D:2 |     220 |       0 |   0.0 |      24 |       0 |   0.0
        D:3 |     124 |     155 |  55.6 |      20 |       2 |   9.1
        D:4 |     212 |       0 |   0.0 |      14 |       0 |   0.0
        D:5 |     280 |     210 |  42.9 |      10 |       3 |  23.1
        D:6 |    1178 |     609 |  34.1 |      23 |       2 |   8.0
        D:7 |     521 |     750 |  59.0 |      10 |       1 |   9.1
        D:8 |    1475 |       0 |   0.0 |      26 |       0 |   0.0
        D:9 |    2791 |       0 |   0.0 |      43 |       0 |   0.0
       D:10 |     573 |       0 |   0.0 |      15 |       0 |   0.0
            +---------+---------+-------+---------+---------+-------
